Map: Blackpink LE

Players

Cyan

  • Race: Protoss Protoss
  • Spawn Location: 1:00

uThermal - Winner!

  • Race: Terran Terran
  • Spawn Location: 7:00

Event: WCS Leipzig 2018

VOD

Have the link to the VOD?

Description

Time

  • Played on: Jan. 26, 2018, 2:13 p.m.
  • Length: 9:46

All games in this series

Show
View Real Time Build Order
Export as new Build Order

Cyan Protoss 

Build Orders: 1 Gate Expand, Oracle Opening 

Get SALT Encoding   

  12  0:00  Probe  
  13  0:12  Probe  
  14  0:17  Pylon  
  14  0:25  Probe (Chrono Boost)  
  15  0:37  Probe (Chrono Boost), Gateway  
  16  0:44  Probe (Chrono Boost)  
  16  0:47  Assimilator  
  17  0:51  Probe  
  18  1:03  Probe  
  19  1:15  Probe  
  20  1:24  Nexus  
  20  1:33  Cybernetics Core  
  20  1:36  Probe  
  21  1:44  Assimilator  
  21  1:48  Probe  
  21  1:51  Pylon  
  22  2:01  Probe  
  23  2:08  Adept (Chrono Boost)  
  23  2:13  Probe  
  25  2:17  Stargate  
  25  2:25  Probe (Chrono Boost), Warp Gate  
  25  2:29  Adept  
  28  2:36  Probe (Chrono Boost)  
  29  2:37  Probe (Chrono Boost)  
  30  2:45  Probe (Chrono Boost)  
  30  2:46  Probe (Chrono Boost)  
  30  2:50  Probe (Chrono Boost)  
  32  2:54  Probe  
  32  2:56  Adept  
  36  3:02  Probe, Oracle (Chrono Boost)  
  39  3:13  Probe  
  39  3:14  Pylon  
  40  3:24  Probe  
  40  3:25  Probe  
  42  3:36  Probe  
  42  3:37  Probe  
  44  3:44  Nexus  
  44  3:45  Pylon  
  44  3:48  Probe  
  45  3:49  Probe  
  45  3:54  Gateway  
  46  3:58  Gateway  
  46  4:00  Probe  
  46  4:01  Probe  
  48  4:12  Probe  
  48  4:13  Probe  
  48  4:15  Assimilator  
  50  4:18  Assimilator  
  50  4:24  Probe  
  50  4:25  Probe  
  50  4:26  Twilight Council  
  50  4:28  Forge  
  52  4:36  Probe  
  52  4:37  Probe  
  54  4:45  Protoss Ground Weapons Level 1 (Chrono Boost)  
  54  4:48  Probe  
  54  4:49  Resonating Glaives (Chrono Boost)  
  54  4:50  Probe  
  56  4:56  Probe  
  56  4:57  Gateway  
  56  4:58  Gateway x2  
  56  4:59  Robotics Facility  
  57  5:00  Probe  
  57  5:04  Probe  
  59  5:07  Sentry x2  
  59  5:08  Sentry  
  59  5:10  Probe  
  66  5:14  Probe, Pylon  
  66  5:16  Probe  
  68  5:27  Probe x2  
  70  5:29  Gateway  
  70  5:30  Probe  
  70  5:32  Gateway  
  71  5:38  Pylon  
  71  5:39  Probe x2  
  71  5:42  Probe  
  74  5:51  Probe, Immortal (Chrono Boost)  
  74  5:54  Probe  
  74  5:56  Probe  
  81  6:00  Pylon x2  
  81  6:02  Sentry x2, Pylon  
  81  6:03  Sentry  
  87  6:04  Adept x2  
  87  6:10  Adept  
  93  6:13  Blink  
  93  6:17  Gateway  
  93  6:18  Gateway  
  93  6:20  Protoss Ground Weapons Level 2 (Chrono Boost)  
  93  6:23  Warp Prism (Chrono Boost)  
  95  6:28  Adept x2  
  99  6:34  Adept x3  
  99  6:38  Adept  
  99  6:39  Adept  
  109  6:42  Pylon  
  109  6:43  Adept  
  111  6:51  Adept  
  111  6:52  Adept  
  115  6:55  Observer (Chrono Boost)  
  115  6:56  Pylon  
  115  6:58  Pylon  
  116  7:03  Adept x4  
  116  7:08  Pylon  
  122  7:27  Adept x3  
  122  7:28  Adept x5  
  128  7:34  Adept x2  
  110  7:46  Probe x2  
  110  7:47  Probe  
  110  7:48  Assimilator  
  110  7:50  Assimilator  
  113  7:55  Robotics Bay  
  113  7:57  Adept x7  
  113  7:58  Adept x3  
  133  8:03  Probe  
  134  8:06  Robotics Facility  
  134  8:10  Observer  
  135  8:19  Probe  
  106  8:35  Adept x10  
  124  8:48  Pylon  
  130  9:06  Adept x5  
  124  9:14  Adept x4  
  108  9:19  Adept  
  105  9:28  Adept x2, Zealot  
  105  9:29  Adept x2  
  109  9:35  Adept x3  
  107  9:41  Adept x2  
Show
View Real Time Build Order
Export as new Build Order

uThermal Terran - Winner!

Build Orders: Reaper Expand, MMM Bio 

Get SALT Encoding   

  12  0:01  SCV  
  13  0:13  SCV  
  14  0:17  Supply Depot  
  14  0:25  SCV  
  15  0:39  SCV  
  15  0:41  Barracks  
  16  0:44  Refinery  
  16  0:51  SCV  
  17  1:03  SCV  
  18  1:15  SCV  
  19  1:28  Orbital Command, Reaper  
  20  1:43  Command Center  
  20  1:52  Supply Depot  
  20  1:54  SCV  
  21  2:01  Barracks Reactor  
  21  2:06  SCV  
  22  2:18  SCV  
  23  2:23  Command Center  
  23  2:31  SCV  
  23  2:35  Barracks  
  24  2:40  Marine x2  
  24  2:43  SCV  
  27  2:55  SCV, Orbital Command  
  27  2:58  Marine x2  
  30  3:07  SCV  
  30  3:08  Engineering Bay  
  31  3:16  Marine x2  
  31  3:19  SCV  
  33  3:21  SCV  
  33  3:25  Barracks Tech Lab  
  34  3:31  SCV  
  34  3:34  Marine x2  
  36  3:37  Missile Turret  
  36  3:40  Orbital Command  
  37  3:42  SCV  
  37  3:44  Marine  
  37  3:45  SCV  
  40  3:51  Stimpack  
  40  3:53  Marine x2  
  40  3:54  SCV  
  43  3:57  SCV  
  43  4:02  Terran Infantry Weapons Level 1, Marine  
  44  4:06  SCV x2  
  44  4:09  SCV  
  48  4:11  Marine  
  49  4:18  SCV x2, Barracks  
  49  4:21  Marine  
  52  4:26  Factory  
  52  4:28  SCV, Refinery  
  52  4:29  Refinery  
  52  4:31  SCV  
  54  4:35  Marine x2  
  54  4:36  SCV  
  56  4:41  Supply Depot  
  56  4:43  SCV  
  56  4:44  Bunker  
  56  4:45  Marine  
  58  4:49  SCV x2  
  60  4:52  Marine  
  60  4:53  Supply Depot  
  61  5:02  Marine  
  61  5:03  SCV  
  61  5:06  Supply Depot, Barracks Tech Lab  
  63  5:08  SCV  
  63  5:10  Factory Reactor  
  63  5:11  Starport, Marine x2  
  66  5:17  SCV  
  66  5:18  Refinery  
  66  5:24  Barracks x2  
  66  5:26  Orbital Command, Combat Shields  
  66  5:27  Marine, Marauder  
  69  5:29  Marine  
  69  5:31  SCV  
  69  5:33  SCV  
  71  5:36  Marine  
  71  5:40  Supply Depot  
  71  5:41  Supply Depot  
  72  5:43  SCV  
  72  5:45  SCV, Marine  
  72  5:49  Marauder  
  77  5:52  SCV  
  77  5:54  Supply Depot, Medivac  
  77  5:55  SCV, Medivac, Factory Reactor  
  83  5:57  SCV  
  83  6:01  Terran Infantry Armor Level 1  
  83  6:03  Marine x2  
  83  6:04  SCV  
  87  6:05  Concussive Shells  
  87  6:07  SCV  
  87  6:08  Supply Depot  
  87  6:09  SCV  
  89  6:12  Refinery  
  89  6:13  Barracks Tech Lab x2  
  89  6:16  SCV  
  90  6:20  SCV, Marine  
  90  6:21  Marauder  
  90  6:23  Supply Depot  
  90  6:25  Medivac  
  96  6:27  Medivac, Marine  
  96  6:29  Marine  
  96  6:31  Marine  
  96  6:32  Marine  
  101  6:35  Widow Mine  
  101  6:36  Widow Mine  
  101  6:38  Marine  
  106  6:42  Supply Depot, Marine  
  106  6:45  Marine  
  108  6:49  Marine  
  108  6:50  Supply Depot x2, Marauder x2  
  113  6:56  Marine  
  113  6:57  Widow Mine x2  
  113  7:00  Marauder  
  120  7:03  Marine  
  120  7:05  Missile Turret x2  
  120  7:06  Marine  
  120  7:07  Medivac  
  120  7:08  Medivac  
  126  7:11  Marine, Marauder  
  126  7:12  Supply Depot  
  126  7:14  Marine  
  130  7:21  SCV, Marauder  
  130  7:22  SCV  
  128  7:24  Marine  
  128  7:26  Orbital Command  
  128  7:29  Marauder  
  119  7:33  SCV  
  119  7:34  SCV  
  107  7:37  Medivac  
  107  7:41  Marine  
  107  7:42  Widow Mine x2, Marauder  
  113  7:44  Medivac, Marine  
  113  7:45  Marauder  
  113  7:46  SCV  
  113  7:48  Marine  
  120  7:52  SCV  
  120  7:53  SCV  
  120  7:55  Marine  
  123  7:59  Marine  
  123  8:02  Marine  
  123  8:03  Marine  
  123  8:04  Widow Mine x2  
  130  8:10  Medivac, Marine  
  130  8:11  Marauder  
  135  8:13  Marine  
  135  8:24  Marine  
  135  8:25  Marauder  
  138  8:27  Marine  
  138  8:29  Marauder  
  138  8:30  Widow Mine  
  138  8:31  Marine  
  138  8:32  Liberator  
  138  8:33  Marauder  
  146  8:37  Widow Mine  
  146  8:40  Supply Depot  
  148  8:42  Supply Depot, Marine  
  148  8:45  Liberator, Marine  
  148  8:46  Marauder  
  156  8:49  Marine  
  156  8:50  Marine  
  156  8:54  Supply Depot  
  157  9:02  Widow Mine x2, Marine  
  162  9:04  Marine x2  
  162  9:07  Marauder  
  162  9:08  Marauder  
  135  9:22  Marine x2  
  135  9:23  Widow Mine x2, Marauder  
Tags
 
Add a new tag
Caveats
  • Supply blocks, unpowered buildings, or Contaminate may cause inaccurate times.
  • Supply counts are checked every 10 seconds.